 Dungeon Crawl Stone Soup version 0.27-a0-141-g0b64aa269c (webtiles) character file.

Game seed: 812553791526452685

119 ReteAZ the Changer (level 4, 0/35 HPs)
             Began as a Draconian Transmuter on Jan 26, 2021.
             Killed from afar by an orc wizard (7 damage)
             ... with a magic dart
             ... on level 3 of the Dungeon.
             The game lasted 00:04:42 (2258 turns).

ReteAZ the Changer (Draconian Transmuter)           Turns: 2258, Time: 00:04:43

Health: 0/35       AC:  6    Str: 12    XL:     4   Next: 73%
Magic:  8/8        EV: 12    Int: 14    God:
Gold:   89         SH:  0    Dex: 12    Spells: 4/8 levels left

rFire    . . .     SeeInvis .     - Unarmed
rCold    . . .     Faith    .   (no shield)
rNeg     . . .     Spirit   .   (armour unavailable)
rPois    .         Reflect  .   (helmet currently unavailable)
rElec    .         Harm     .   (no cloak)
rCorr    .         Rampage  .   n - +0 pair of gloves
Will     .....                  (boots currently unavailable)
Stlth    +.........             (no amulet)
HPRegen  0.11/turn              (no ring)
MPRegen  0.11/turn              (no ring)

@: appendages (expiring)
A: unfitting armour, horns 2, talons 2, cold-blooded, AC +5
a: End Transformation


You were on level 3 of the Dungeon.
You had grown temporary horns.
You had grown temporary talons.
You visited 1 branch of the dungeon, and saw 3 of its levels.

You collected 89 gold pieces.

Inventory:

Missiles
 d - 2 atropa-tipped darts
Armour
 n - a +0 pair of gloves (worn)
Jewellery
 m - a +6 ring of strength {unknown}
Scrolls
 b - 4 scrolls of immolation {unknown}
 c - 2 scrolls of identify {unknown}
 f - 3 scrolls of fog {unknown}
 i - 3 scrolls of teleportation {unknown}
 l - a scroll of enchant weapon {unknown}
 p - 2 scrolls of remove curse {unknown}
Potions
 a - a potion of degeneration {unknown}
 e - 2 potions of curing {unknown}
 g - a potion of heal wounds {unknown}
 h - 4 potions of mutation {unknown}
 j - 2 potions of flight {unknown}
 k - a potion of attraction {unknown}
 o - a potion of haste {unknown}


   Skills:
 - Level 1.1 Fighting
 - Level 1.7 Dodging
 - Level 3.0 Unarmed Combat
 + Level 2.9 Spellcasting
 * Level 4.1 Transmutations
 + Level 1.1 Poison Magic


You had 4 spell levels left.
You knew the following spells:

 Your Spells              Type           Power        Failure   Level
a - Beastly Appendage     Tmut           26%          4%          1
b - Spider Form           Tmut/Pois      4%           22%         3

Your spell library contained the following spells:

 Spells                   Type           Power        Failure   Level
 Wereblood                Tmut           13%          6%          2
 Ice Form                 Ice/Tmut       7%           67%         4
 Blade Hands              Tmut           6%           73%         5


Dungeon Overview and Level Annotations

Branches:
Dungeon (3/15)

Altars:
Wu Jian


Innate Abilities, Weirdness & Mutations

Your plain brown scales are hard. (AC +5)
You cannot fit into any form of body armour.
You are cold-blooded and may be slowed by cold attacks.
You have a pair of horns on your head.
You have razor-sharp toenails.


Message History

You tail-slap the orc wizard, but do no damage.
The orc wizard is moderately wounded.
The orc wizard hits you but does no damage.
You hit the orc wizard but do no damage.
Your headbutt misses the orc wizard.
The orc wizard is moderately wounded.
The orc wizard hits you with a +0 dagger.
* * * LOW HITPOINT WARNING * * *
You closely miss the orc wizard. Your kick misses the orc wizard.
The orc wizard is moderately wounded.
The orc wizard hits you but does no damage.
You closely miss the orc wizard.
The orc wizard is moderately wounded.
The orc wizard closely misses you.
You hit the orc wizard. You claw the orc wizard.
Your headbutt misses the orc wizard. You tail-slap the orc wizard.
The orc wizard is almost dead.
The orc wizard casts a spell at you. The magic dart hits you!
You die...

### ### ..#. ..# ###
...## #.# #### #..
....##.# #..######..
#.....## #....#.....
#......###.##...##..
#.#.†....##.......
#.o....).......###
#@###>..†...†.....
#..##)....##.###..
#..#...#..........
#..#†w[..###.####.
#..#..?### #.# #.
......)...# #.# #.
#............ #.# #.
..##......##.## #.
#......# ##. #.


You could see an orc wizard.

Vanquished Creatures
  3 worms
  4 dart slugs
  4 leopard geckos
  5 orcs (D:3)
  8 bats
  4 giant cockroaches
  18 goblins
  9 hobgoblins
  4 jackals (D:2)
  10 kobolds
  A quokka (D:2)
  A ball python (D:1)
  6 frilled lizards
  6 rats
83 creatures vanquished.

Notes
Turn   | Place    | Note
-------+----------+-------------------------------------------
     0 | D:1      | ReteAZ the Draconian Transmuter began the quest for the
                  | Orb.
     0 | D:1      | Reached XP level 1. HP: 16/16 MP: 3/3
   122 | D:1      | Reached XP level 2. HP: 12/23 MP: 3/5
   585 | D:1      | Reached skill level 3 in Transmutations
   779 | D:1      | Reached XP level 3. HP: 25/28 MP: 4/6
  1134 | D:2      | Learned a level 3 spell: Spider Form
  1335 | D:2      | Reached XP level 4. HP: 35/35 MP: 5/8
  2083 | D:3      | Found an ornate altar of the Wu Jian Council.
  2173 | D:3      | Reached skill level 4 in Transmutations
  2173 | D:3      | Reached skill level 1 in Poison Magic
  2258 | D:3      | Killed from afar by an orc wizard

Illustrated notes

Levels and vault maps discovered:
D:1:      wander_arrival_lonely_grave, layout_basic, hex_intersection
D:2:      layout_basic, kennysheep_generic_room_13
D:3:      layout_rooms, zin_scriptorium, lemuel_round_altar

Skill      XL: |  1  2  3  4 |
---------------+-------------+-----
Transmutations | 3 4 |  4.1
Poison Magic   | 1 |  1.1
Fighting       | |  1.1
Dodging        | |  1.7
Unarmed Combat | |  3.0
Spellcasting   | |  2.9

Action                   |  1- 3 |  4- 6 || total
-------------------------+-------+-------++-------
Melee: Unarmed           |   118 |    87 ||   205
       Kick              |    17 |    23 ||    40
       Headbutt          |    14 |    10 ||    24
       Tailslap          |     4 |    12 ||    16
       Punch             |     1 |       ||     1
 Cast: Beastly Appendage |    23 |    17 ||    40
Armor: Skin              |    55 |    20 ||    75
Dodge: Dodged            |    94 |    52 ||   146

Table legend: (Time is in decaauts)
 A = Elapsed time spent in this place.
 B = Non-inter-level travel time spent in this place.
 C = Inter-level travel time spent in this place.
 D = Time resting spent in this place.
 E = Time spent auto-exploring this place.
 F = Levels seen in this place.
 G = Mean time per level.
                   A        B        C        D        E       F      G
               +--------+--------+--------+--------+--------+-----+--------+
         Total |   2247 |   2218 |     29 |    354 |   1374 |   3 |  749.0 |
       Dungeon |   2247 |   2218 |     29 |    354 |   1374 |   3 |  749.0 |
               +--------+--------+--------+--------+--------+-----+--------+

Top non-repeatable levels by time:
     D:1: 1109 daAuts
     D:2: 952 daAuts
     D:3: 184 daAuts
